 Dungeon Crawl Stone Soup version 0.29-a0-338-g1ff7896281 (webtiles) character file.

Game seed: 17374297890297514507

25 spaghetti the Sneak (level 3, 0/26 HPs)
             Began as an Octopode Delver on Apr 19, 2022.
             Slain by an ogre
             ... wielding a +0 giant spiked club
              (22 damage)
             ... on level 5 of the Dungeon.
             The game lasted 00:00:18 (20 turns).

spaghetti the Sneak (Octopode Delver)                 Turns: 20, Time: 00:00:19

Health: 0/26       AC:  1    Str: 11    XL:     3   Next: 6%
Magic:  3/3        EV: 13    Int: 12    God:
Gold:   0          SH:  0    Dex: 15    Spells: 2/2 levels left

rFire   . . .      SeeInvis .   a - +0 short sword {short}
rCold   . . .      Faith    .   (no shield)
rNeg    . . .      Spirit   .   (helmet restricted)
rPois   .          Reflect  .   (no amulet)
rElec   .          Harm     .   (no ring)
rCorr   .          Rampage  .   (no ring)
Will    .....                   (no ring)
Stlth   +++++.....              (no ring)
HPRegen 0.08/turn               (no ring)
MPRegen 0.08/turn               (no ring)
                                (no ring)
                                (no ring)

@: no status effects
A: almost no armour, amphibious, 8 rings, camouflage 1, gelatinous body 1,
(nimble swimmer 1), tentacles
a: no special abilities


You were on level 5 of the Dungeon.
You visited 1 branch of the dungeon, and saw 1 of its levels.


Innate Abilities, Weirdness & Mutations

You cannot wear most types of armour.
You are amphibious.
You can wear up to eight rings at the same time.
Your skin changes colour to match your surroundings (Stealth+).
Your rubbery body absorbs attacks. (AC +1, EV +1)
((You are camouflaged when in or above water. (Stealth+)))
You have tentacles for arms and can constrict up to eight enemies at once.


   Skills:
 - Level 3.0 Fighting
 - Level 2.0 Short Blades
 - Level 2.0 Dodging
 + Level 7.8 Stealth


You had 2 spell levels left.
You didn't know any spells.
Your spell library was empty.

Inventory:

Hand Weapons
 a - a +0 short sword (weapon) {short}
Wands
 f - a wand of digging (3)
Scrolls
 b - a scroll of fog
 c - a scroll of magic mapping {!r}
 d - a scroll of fear
Potions
 e - a potion of haste {@q3}

Dungeon Overview and Level Annotations

Branches:
Dungeon (5/15)             Temple (0/1) D:5

Altars:

###..## .. ...........
#.#.#.#.#.# ..........#
#.......#.##
..........)############
#..S>..O#.......#.....##
........@..............##
#.......#...............#
................>.......#
#.#.#.#.#.......(.......#
................<.....>#
.#.###.##...............#
.. #. #...............# #
#...#.............##
##...).....#.^...##


You could see an ogre and an adder (asleep).


Message History

🤖 Initializing magus.rc ...
Options error: Delay interrupt name "hungry" not recognised. (~/.crawlrc:4761) Options error: Bad monster_list_colour key: strict_neutral (~/.crawlrc:4776) ✅ Successfully initialized magus.rc [v1.9.6] Welcome, spaghetti the Octopode Delver.
Will you prevail where others failed? Will you find the Orb of Zot?
Press ? for a list of commands and other information.
Found 5 poisoned darts.
Found two stone staircases leading down and a stone staircase leading up.
An iguana comes into view.
An iguana is nearby!
An iguana is nearby!
Unknown command.
An ogre comes into view. It is wielding a +0 giant spiked club.
The iguana hisses angrily.
You hit the iguana but do no damage. You grab the iguana.
You squeeze the iguana.
You constrict the iguana, but do no damage.
The iguana completely misses you.
You hit the iguana.
You squeeze the iguana, but do no damage.
You constrict the iguana. The iguana bites you. 😕 HP[-3]
You take 3 damage, and now have 13/16 hp.
Unknown command.
You hit the iguana but do no damage. You squeeze the iguana!
You constrict the iguana.
You kill the iguana!
Your Stealth skill increases to level 7!
You have reached level 2!
You have reached level 3!
Your experience leads to an increase in your attributes!
Increase (S)trength, (I)ntelligence, or (D)exterity?
You feel agile. x2 😕 HP[+9] MP[+2]
You now have 26 max hp (+10).
You regained 9 hp, and now have 22/26 hp.
Your mp is fully restored (3).
Your library has no spells.
Unknown command.
Found a staircase to the Ecumenical Temple.
An adder comes into view.
The helpless ogre fails to defend itself.
You impale the ogre!!
The ogre hits you with a +0 giant spiked club!!
Ouch! That really hurt!
You die...

Skill      XL: |  1 |
---------------+----+-----
Stealth        | 7 |  7.8
Fighting       | |  3.0
Short Blades   | |  2.0
Dodging        | |  2.0

Action                   || total
-------------------------++-------
Melee: Short sword       ||     4
       Tentacles         ||     3
       Constrict         ||     1
 Stab: Sleeping          ||     1
Dodge: Dodged            ||     1

Levels and vault maps discovered:
D:5:      layout_rooms, minmay_temple_entry_glass, grunt_decor_clamped,
          nicolae_shop_firing_range

Notes
Turn   | Place    | Note
-------+----------+-------------------------------------------
     0 | D:5      | spaghetti the Octopode Delver began the quest for the Orb.
     0 | D:5      | Reached XP level 1. HP: 16/16 MP: 1/1
     0 | D:5      | magus.rc [v1.9.6]
     5 | D:5      | Noticed an iguana
     8 | D:5      | Noticed an ogre
    13 | D:5      | Killed an iguana
    14 | D:5      | Reached skill level 7 in Stealth
    14 | D:5      | Reached XP level 2. HP: 17/21 MP: 2/2
    14 | D:5      | Reached XP level 3. HP: 22/26 MP: 3/3
    14 | D:5      | Found a staircase to the Ecumenical Temple.
    20 | D:5      | Slain by an ogre

Vanquished Creatures
  An iguana (D:5)
1 creature vanquished.

Table legend:
 A = Non-vault XP
 B = Vault XP
 C = Vault XP percentage of total XP
 D = Non-vault monster count
 E = Vault monster count
 F = Vault count percentage of total count
                 A         B        C        D         E       F
            +---------+---------+-------+---------+---------+-------
      Total |      37 |       0 |   0.0 |       1 |       0 |   0.0
            +---------+---------+-------+---------+---------+-------
        D:5 |      37 |       0 |   0.0 |       1 |       0 |   0.0
            +---------+---------+-------+---------+---------+-------

Illustrated notes

Table legend:
 A = Kills in this place as a percentage of kills in entire the game.
 B = Kills by you in this place as a percentage of kills by you in the entire game.
 C = Kills by friends in this place as a percentage of kills by friends in the entire game.
 D = Other kills in this place as a percentage of other kills in the entire game.
 E = Experience gained in this place as a percentage of experience gained in the entire game.
 F = Experience gained in this place divided by the number of levels of this place that you have seen.
                   A       B       C       D       E      F
               +-------+-------+-------+-------+-------+----------------------
         Total | 100.0 | 100.0 |   N/A |   N/A | 100.0 |  37.0
       Dungeon | 100.0 | 100.0 |   N/A |   N/A | 100.0 |  37.0
               +-------+-------+-------+-------+-------+----------------------

Table legend: (Time is in decaauts)
 A = Elapsed time spent in this place.
 B = Non-inter-level travel time spent in this place.
 C = Inter-level travel time spent in this place.
 D = Time resting spent in this place.
 E = Time spent auto-exploring this place.
 F = Levels seen in this place.
 G = Mean time per level.
                   A        B        C        D        E       F      G
               +--------+--------+--------+--------+--------+-----+--------+
         Total |     20 |     20 |      0 |      0 |      5 |   1 |   20.0 |
       Dungeon |     20 |     20 |      0 |      0 |      5 |   1 |   20.0 |
               +--------+--------+--------+--------+--------+-----+--------+

Top non-repeatable levels by time:
     D:5: 20 daAuts
